AoeStats
← Katovincere

Nomad

510307735Analyzed
2v2 RM · 23h ago on Sep 30, 2026· 27m 40s· 4 players
Game mode
Random Map
Map size
176×176
Population
200
Speed
Normal
Resources
Standard
Victory
Conquest
Starting age
Dark Age
Ending age
Imperial Age
RankedLock teamsTeams togetherTeam positionsShared explorationLock speedFull tech treeHidden civsTurbo modeCheats
Victory
Defeat
🇹🇼 Berbers · Taiwan
1138
+13
1056
+18
🇨🇳 Huns · China
1091
-16
🇨🇳 Malay · China
1067
-15
꧁༺乡 SC∆R 乡 ༻꧂
7:07 Loom
16:22 Feudal Age
16:47 Double-Bit Axe
22:46 Castle Age
20:40 Stone Mining
21:17 Fletching
21:36 Gold Mining
22:00 Fishing Lines
23:43 Bodkin Arrow
24:01 Gillnets
24:29 Forging
25:21 Squires
25:42 Arson
27:46 Iron Casting
Glenn車車
5:22 Loom
12:36 Feudal Age
13:11 Double-Bit Axe
14:52 Fletching
16:31 Wheelbarrow
16:34 Padded Archer Armor
23:40 Castle Age
23:44 Elite Skirmisher
23:47 Crossbowman
24:43 Bodkin Arrow
Katovincere
11:51 Loom
14:05 Feudal Age
14:51 Double-Bit Axe
17:37 Wheelbarrow
16:47 Fishing Lines
23:41 Castle Age
21:36 Stone Mining
22:13 Fletching
24:32 Bow Saw
25:26 Gold Mining
27:09 Gold Shaft Mining
26:30 Gillnets
26:38 Crossbowman
将恋情折成回忆
5:04 Loom
10:56 Loom
16:08 Feudal Age
Connection lost

Rejoining the realm…

Still unreachable

The connection could not be restored.

Session expired

The server has moved on; the page needs a fresh start.